 Dungeon Crawl Stone Soup version 0.28.0 (webtiles) character file.

Game seed: 17471987050276945918

143007 Findor the Severer (level 16, -1/149 HPs)
             Began as a Minotaur Berserker on Feb 9, 2022.
             Was a High Priest of Trog.
             Blown up by an orb spider (79 damage)
             ... with an orb of destruction
             ... on level 4 of the Spider Nest on Feb 10, 2022.
             The game lasted 00:52:05 (31419 turns).

Findor the Severer (Minotaur Berserker)            Turns: 31419, Time: 00:52:06

Health: -1/149     AC: 23    Str: 35    XL:     16   Next: 81%
Magic:  15/15      EV: 13    Int:  4    God:    Trog [*****.]
Gold:   831        SH: 12    Dex: 10    Spells: 15/15 levels left

rFire   . . .      SeeInvis .   a - +7 broad axe (freeze)
rCold   + . .      Faith    .   P - +0 kite shield
rNeg    . . .      Spirit   .   A - +1 chain mail {rC+}
rPois   .          Reflect  .   (helmet restricted)
rElec   .          Harm     .   U - +2 cloak {rCorr}
rCorr   +          Rampage  .   H - +0 pair of gloves
Will    +....                   (no boots)
Stlth   ..........              N - amulet "Qibrexti" {Regen+ Str+5}
HPRegen 1.14/turn               p - ring of flight
MPRegen 0.14/turn               k - +4 ring of protection

@: flying
A: horns 2, retaliatory headbutt
a: Renounce Religion, Berserk, Trog's Hand, Brothers in Arms


You were on level 4 of the Spider Nest.
You worshipped Trog.
Trog was extremely pleased with you.
You visited 5 branches of the dungeon, and saw 26 of its levels.

You collected 2435 gold pieces.
You spent 1604 gold pieces at shops.


Innate Abilities, Weirdness & Mutations

You have a pair of horns on your head.
You reflexively headbutt those who attack you in melee.


   Skills:
 + Level 15.5 Fighting
 + Level 19.2 Axes
 + Level 15.3 Armour
 + Level 14.2 Dodging
 + Level 15.1 Shields
 - Level 8.0 Evocations


You had 15 spell levels left.
You didn't know any spells.
Your spell library was empty.

Inventory:

Hand Weapons
 a - a +7 broad axe of freezing (weapon)
   (You found it on level 3 of the Lair of Beasts)
 b - a +2 hand axe of flaming
   (You took it off a meliai on level 1 of the Spider Nest)
 e - a +2 broad axe of electrocution
   (You took it off Maggie on level 9 of the Dungeon)
 E - a +7 demon whip of freezing
   (You took it off Mara on level 2 of the Spider Nest)
Missiles
 r - 5 curare-tipped darts (quivered)
 R - a throwing net {!f}
 T - 12 javelins
Armour
 t - a +0 pair of boots
   (You found it on level 2 of the Spider Nest)
 A - a +1 chain mail of cold resistance (worn)
   (You found it on level 5 of the Dungeon)
 F - a +0 cloak of willpower
   (You took it off Nikola on level 3 of the Spider Nest)
 H - a +0 pair of gloves (worn)
   (You found it on level 6 of the Dungeon)
 P - a +0 kite shield (worn)
   (You took it off a gnoll sergeant on level 9 of the Dungeon)
 U - a +2 cloak of preservation (worn)
   (You found it on level 2 of the Lair of Beasts)
Jewellery
 f - a ring of protection from fire
   (You found it on level 5 of the Lair of Beasts)
 i - a ring of positive energy
   (You found it on level 2 of the Dungeon)
 k - a +4 ring of protection (right hand)
   (You found it on level 2 of the Dungeon)
 p - a ring of flight (left hand)
   (You found it on level 3 of the Dungeon)
 w - an amulet of guardian spirit
   (You bought it in a shop on level 2 of the Orcish Mines)
 C - a ring of resist corrosion
   (You found it on level 4 of the Dungeon)
 G - a ring of willpower
   (You found it on level 6 of the Dungeon)
 N - the amulet "Qibrexti" (around neck) {Regen+ Str+5}
   (You bought it in a shop on level 2 of the Orcish Mines)

   [amulet of regeneration]

   Str:       It affects your strength (+5).
   Regen:     It increases your rate of health regeneration.
Wands
 d - a wand of iceblast (4)
   (You found it on level 4 of the Dungeon)
 u - a wand of paralysis (11)
   (You found it on level 2 of the Lair of Beasts)
 v - a wand of digging (12)
   (You took it off Ijyb on level 5 of the Dungeon)
 x - a wand of acid (13)
   (You found it on level 5 of the Dungeon)
 D - a wand of mindburst (19)
   (You found it on level 5 of the Dungeon)
 L - a wand of polymorph (11)
   (You found it on level 10 of the Dungeon)
Scrolls
 g - 4 scrolls of magic mapping
 h - 10 scrolls of teleportation {@r4}
 j - 5 scrolls of identify {@r1}
 l - a scroll of silence
 y - 6 scrolls of fear
 J - 4 scrolls of blinking
 K - 7 scrolls of fog
 M - 4 scrolls of immolation {!r}
Potions
 c - 5 potions of magic
 m - 6 potions of lignification {!q}
 n - a potion of resistance
 o - 7 potions of curing {@q1}
 q - 2 potions of berserk rage
 s - a potion of invisibility
 z - 7 potions of might
 B - a potion of cancellation
 I - 3 potions of flight
 Q - 3 potions of attraction {!q}
 S - 4 potions of haste {@q3}
 V - 3 potions of mutation {!q}


Message History

The orb spider begins to weave its threads into a brightly glowing ball.
The demonic crawler closely misses you. You furiously retaliate!
You headbutt the demonic crawler, but do no damage.
The demonic crawler closely misses you. You block the demonic crawler's attack.
The orb spider weaves a glowing orb of energy.
An orb of destruction comes into view.
You hit the demonic crawler. You freeze the demonic crawler.
You headbutt the demonic crawler!
You feel sick.
The demonic crawler shrieks in warning!
You hear an angry hiss.
You hear a shout!
You hear an angry hiss.
You hear a hideous shriek!
You hear an angry hiss. x4
You hear an angry buzzing noise.
You barely miss the demonic crawler.
You feel very sick. The orb of destruction hits you!!!
* * * LOW HITPOINT WARNING * * *
The demonic crawler hits you but does no damage.
The demonic crawler hits you.
* * * LOW HITPOINT WARNING * * *
The demonic crawler barely misses you.
The orb spider pulsates with a strange energy.
Unknown command.
Unknown command.
You feel sick. The demonic crawler hits you!
* * * LOW HITPOINT WARNING * * *
You block the demonic crawler's attack.
The demonic crawler hits you but does no damage.
Unknown command.
You feel much better.
You feel sick. You block the demonic crawler's attack.
The demonic crawler hits you but does no damage. x2
The orb spider weaves a glowing orb of energy.
The demonic crawler misses you. You furiously retaliate!
You headbutt the demonic crawler!
You kill the demonic crawler!
Trog accepts your kill.
An orb of destruction comes into view.
You feel better.
The orb spider weaves a glowing orb of energy.
The orb fizzles. x2
The orb spider pulsates with a strange energy.
Things that are here:
a tarantella corpse; a demonic crawler corpse The orb spider pulsates with a strange energy.
You see here a jumping spider corpse.
The orb spider weaves a glowing orb of energy.
An orb of destruction comes into view.
Okay, then.
The orb of destruction hits you!!!!
Ouch! That really hurt!
You die...

##††...###.^..###...#..#
##†....##.^..^#..#.#^##
#^..######...^#.^^.###
######....##....##.^#..#
...^..^....#.^....####..#
######...#.##....## #..##
###....###^.## ##.^##
##....####..####...#
#.°○○@..#...#.#...##
#s####.###.......## #†#
####.....^..^# ##†###
#.#...##^## #†s^≈#
#≈^##≈..###
#^^#s.#^#≈..≈...≈.#
#^.#...†.^#^≈.#≈≈..≈≈##
#.....#.(.^#.....#...^≈#
..^..^#....# ....^..#..#


You could see an orb spider.

Vanquished Creatures
  Mara (Spider:2)
  Bai Suzhen (Spider:3)
  Nikola (Spider:3)
  Jorgrun (D:12)
  An orc warlord (D:11)
  3 ghost moths
  2 emperor scorpions
  3 broodmothers
  The ghost of hitsuchi the Bludgeoner, a journeyman TrMo of Okawaru (Lair:3)
  5 entropy weavers
  A minotaur (Lair:2)
  3 spark wasps
  The ghost of mfcas the Thaumaturge, a journeyman DjCA of Ignis (Orc:2)
  Erolcha (Orc:2)
  3 catoblepae
  7 hydras
  Erica (Lair:1)
  2 centaur warriors
  A jorogumo (Spider:4)
  3 radroaches
  7 two-headed ogres
  The ghost of Cato the Destroyer, a journeyman DECj of Sif Muna (Lair:2)
  3 orc high priests
  5 death yaks (Lair:5)
  2 large abominations (Lair:6)
  Urug (Lair:5)
  3 thrashing horrors (Lair:6)
  3 pharaoh ants
  4 orb spiders
  A lindwurm (Lair:4)
  5 steelbarb worms
  6 deep elf zephyrmancers (Elf:1)
  A deep elf archer (Elf:1)
  4 deep elf pyromancers
  2 oklob plants
  An ugly thing (Lair:6)
  7 orc sorcerers
  18 wolf spiders
  6 moths of wrath
  2 manticores
  6 elephants
  5 centaur zombies
  2 cyclopes (D:13)
  6 black mambas
  6 torpor snails
  Joseph (D:9)
  Maggie (D:9)
  15 cane toads
  Psyche (D:8)
  A smoke demon (Lair:6)
  2 unseen horrors
  3 rime drakes
  6 demonic crawlers
  8 komodo dragons
  2 ancient zymes (Lair:6)
  17 meliai
  5 trolls
  3 hornets
  3 polar bears (Lair:4)
  17 tarantellas
  3 slime creatures (D:12)
  28 blink frogs
  A snapping turtle (Lair:2)
  6 dream sheep
  Sigmund (D:3)
  2 shadows (D:10)
  A centaur simulacrum (D:11)
  21 jumping spiders
  23 culicivoras
  A spriggan (Lair:6)
  A vampire (D:11)
  2 ynoxinuls (Lair:6)
  3 chaos spawn (Lair:6)
  46 yaks
  4 steam dragons
  Grum (D:9)
  5 wyverns
  A wraith (D:12)
  3 basilisks
  A vampire mosquito (D:10)
  50 redbacks
  4 wargs
  8 small abominations (Lair:6)
  14 water moccasins
  A sky beast (D:7)
  An ice beast (D:8)
  18 orc warriors
  10 ogres
  21 wolves
  5 black bears
  8 centaurs
  4 kobold brigands
  10 bullfrogs
  2 gnoll sergeants (D:9)
  5 scorpions
  A wyvern skeleton (D:7)
  A water moccasin zombie (D:5)
  14 killer bees
  3 wights (D:10)
  A bullfrog zombie (D:6)
  An electric eel (Spider:1)
  4 howler monkeys
  A hound (shapeshifter) (Lair:6)
  2 hounds
  29 orc priests
  2 bullfrog skeletons
  3 gnoll shamans
  4 jellies
  An iguana (D:6)
  Ijyb (D:5)
  38 orc wizards
  15 hell rats
  A scorpion zombie (D:5)
  22 gnolls
  A howler monkey zombie (D:9)
  6 adders
  A white imp (D:7)
  An adder skeleton (D:4)
  A worm (D:4)
  3 dart slugs
  63 orcs
  10 bats
  6 endoplasms
  4 giant cockroaches
  4 goblins
  3 hobgoblins
  2 jackals (D:1)
  4 quokkas
  4 ball pythons
  3 frilled lizards
  17 kobolds
  6 rats
832 creatures vanquished.

Vanquished Creatures (others)
  A jumping spider (Spider:4)
  An orc priest (D:8)
  An orc (Orc:1)
  37 fungi
  62 plants
102 creatures vanquished.

Grand Total: 934 creatures vanquished

Notes
Turn   | Place    | Note
-------+----------+-------------------------------------------
     0 | D:1      | Findor the Minotaur Berserker began the quest for the Orb.
     0 | D:1      | Reached XP level 1. HP: 19/19 MP: 0/0
   351 | D:1      | Reached skill level 4 in Axes
   502 | D:1      | Reached XP level 2. HP: 20/26 MP: 1/1
   946 | D:1      | Found a faded altar of an unknown god.
  1119 | D:2      | Found an iron altar of Okawaru.
  1136 | D:2      | Reached skill level 5 in Axes
  1245 | D:2      | Reached XP level 3. HP: 29/31 MP: 2/2
  1864 | D:2      | Reached skill level 6 in Axes
  1864 | D:2      | Reached XP level 4. HP: 21/39 MP: 3/3
  2171 | D:3      | Reached ** piety under Trog
  2175 | D:3      | Reached skill level 7 in Axes
  2175 | D:3      | Reached XP level 5. HP: 32/45 MP: 4/4
  2312 | D:3      | Noticed Sigmund
  2325 | D:3      | Killed Sigmund
  2326 | D:3      | Reached skill level 8 in Axes
  2326 | D:3      | Reached XP level 6. HP: 45/51 MP: 5/5
  2952 | D:4      | Reached skill level 9 in Axes
  3244 | D:4      | Found a staircase to the Ecumenical Temple.
  3328 | D:4      | Reached XP level 7. HP: 57/57 MP: 6/6
  3405 | D:4      | Reached skill level 10 in Axes
  3650 | D:4      | Found Xuoci's Magic Scroll Shoppe.
  3882 | D:5      | Entered Level 5 of the Dungeon
  4104 | D:5      | Reached skill level 11 in Axes
  4128 | D:5      | Identified the +1 robe of Untruth {Will+ Dex+2}
  4241 | D:5      | Reached XP level 8. HP: 57/64 MP: 7/7
  4464 | D:5      | Noticed Ijyb
  4475 | D:5      | Reached skill level 12 in Axes
  4485 | D:5      | Killed Ijyb
  4888 | D:4      | Bought a scroll of enchant weapon for 97 gold pieces
  4888 | D:4      | Bought a scroll of identify for 26 gold pieces
  4888 | D:4      | Bought a scroll of magic mapping for 45 gold pieces
  4888 | D:4      | Bought a scroll of identify for 26 gold pieces
  4888 | D:4      | Bought a scroll of identify for 26 gold pieces
  5070 | D:6      | Reached skill level 13 in Axes
  5251 | D:6      | Reached *** piety under Trog
  5252 | D:6      | Reached skill level 14 in Axes
  5739 | D:7      | Reached XP level 9. HP: 70/70 MP: 8/8
  5974 | D:7      | Reached skill level 15 in Axes
  6344 | D:8      | Noticed a two-headed ogre
  6353 | D:8      | HP: 10/105 [two-headed ogre (14)]
  6354 | D:8      | Killed a two-headed ogre
  6355 | D:8      | Reached skill level 16 in Axes
  6663 | D:8      | Noticed Psyche
  6681 | D:8      | Killed Psyche
  6837 | D:8      | Noticed an elephant
  6839 | D:8      | Found a staircase to the Lair.
  6844 | D:8      | Killed an elephant
  6845 | D:8      | Reached skill level 17 in Axes
  6845 | D:8      | Reached XP level 10. HP: 77/77 MP: 9/9
  7101 | D:8      | Reached skill level 18 in Axes
  7492 | D:9      | Noticed Joseph
  7508 | D:9      | Killed Joseph
  7659 | D:9      | Found a sparkling altar of Nemelex Xobeh.
  7869 | D:9      | Reached skill level 19 in Axes
  7887 | D:9      | Paralysed by a hornet for 2 turns
  8401 | D:9      | Noticed Maggie
  8411 | D:9      | Killed Maggie
  8412 | D:9      | Reached skill level 1 in Shields
  8503 | D:9      | Reached skill level 3 in Armour
  8770 | D:9      | Noticed Grum
  8787 | D:9      | Killed Grum
  9082 | D:10     | Entered Level 10 of the Dungeon
  9177 | D:10     | Noticed a two-headed ogre
  9184 | D:10     | Killed a two-headed ogre
  9185 | D:10     | Reached skill level 3 in Dodging
  9185 | D:10     | Reached XP level 11. HP: 85/85 MP: 10/10
  9292 | D:10     | Noticed a two-headed ogre
  9293 | D:10     | Noticed a two-headed ogre
  9294 | D:10     | Noticed a centaur warrior
  9299 | D:10     | Killed a two-headed ogre
  9300 | D:10     | Reached skill level 3 in Shields
  9300 | D:10     | Killed a two-headed ogre
  9300 | D:10     | Killed a centaur warrior
  9996 | D:10     | Reached skill level 6 in Fighting
 10221 | D:10     | Reached skill level 6 in Armour
 10579 | Lair:1   | Entered Level 1 of the Lair of Beasts
 10810 | Lair:1   | Found a stormy altar of Qazlal.
 10810 | Lair:1   | Noticed an oklob plant
 10826 | Lair:1   | Reached skill level 6 in Dodging
 10833 | Lair:1   | Reached skill level 6 in Shields
 10841 | Lair:1   | Noticed Erica
 10855 | Lair:1   | Killed Erica
 10856 | Lair:1   | Reached XP level 12. HP: 68/100 MP: 11/11
 11920 | Lair:2   | Found a runed translucent gate.
 11921 | Lair:2   | Found a runed translucent gate.
 11922 | Lair:2   | Found a runed translucent gate.
 11924 | Lair:2   | Noticed a minotaur
 11925 | Lair:2   | Noticed Cato's ghost (journeyman DECj)
 12203 | Lair:2   | Noticed an eight-headed hydra
 12218 | Lair:2   | Killed an eight-headed hydra
 12371 | Lair:2   | Killed a minotaur
 12377 | Lair:2   | Killed Cato's ghost
 12673 | Lair:2   | Found a hole to the Spider Nest.
 12934 | Lair:2   | Found a staircase to the Shoals.
 13728 | Lair:3   | Reached **** piety under Trog
 13731 | Lair:3   | Reached skill level 9 in Fighting
 14138 | Lair:3   | Reached skill level 9 in Armour
 14684 | Lair:3   | Found a runed translucent gate.
 14684 | Lair:3   | Noticed a 12-headed hydra
 14686 | Lair:3   | Found a runed translucent gate.
 14686 | Lair:3   | Noticed hitsuchi's ghost (journeyman TrMo)
 14687 | Lair:3   | Found a runed translucent gate.
 15028 | Lair:3   | Killed a 12-headed hydra
 15037 | Lair:3   | Killed hitsuchi's ghost
 15038 | Lair:3   | Reached skill level 9 in Shields
 15266 | Lair:4   | Reached XP level 13. HP: 102/113 MP: 12/12
 15414 | Lair:4   | Reached skill level 9 in Dodging
 17075 | Lair:5   | Noticed Urug
 17518 | Lair:5   | Found a runed translucent door.
 17519 | Lair:5   | Found a viscous altar of Jiyva.
 17521 | Lair:5   | Found a staircase to the Slime Pits.
 17568 | Lair:5   | Killed Urug
 18986 | Lair:6   | Entered Level 6 of the Lair of Beasts
 19295 | Lair:6   | Reached XP level 14. HP: 96/125 MP: 13/13
 19809 | Lair:6   | Reached skill level 1 in Evocations
 20160 | Lair:6   | Reached skill level 12 in Fighting
 20299 | Lair:6   | Reached ***** piety under Trog
 20516 | Lair:6   | Reached skill level 12 in Armour
 21035 | Lair:6   | Reached skill level 3 in Evocations
 21116 | Lair:6   | Found a corrupted altar of Lugonu.
 21116 | Lair:6   | Found a one-way gate to the infinite horrors of the Abyss.
 21120 | Lair:6   | Identified the +8 flail of Responsibility {freeze, rElec
                  | rC+ rN+}
 21279 | Lair:6   | Reached skill level 12 in Shields
 22263 | D:11     | Received a gift from Trog
 22363 | D:11     | Found a staircase to the Orcish Mines.
 22477 | D:11     | Found an iron altar of Okawaru.
 22729 | D:12     | Noticed Jorgrun
 22742 | D:12     | Killed Jorgrun
 22840 | D:12     | Found a runed translucent door.
 22840 | D:12     | Noticed Tzialkovskiy's ghost (journeyman FoFi)
 24263 | Orc:1    | Entered Level 1 of the Orcish Mines
 24272 | Orc:1    | Noticed an orc warlord
 24414 | D:11     | Killed an orc warlord
 24415 | D:11     | Reached skill level 12 in Dodging
 24570 | Orc:1    | Reached XP level 15. HP: 80/135 MP: 14/14
 25025 | Orc:2    | Entered Level 2 of the Orcish Mines
 25561 | Orc:2    | Found Koici's Assorted Antiques.
 25561 | Orc:2    | Found Noesifio's Weapon Shoppe.
 25562 | Orc:2    | Found Aschohy's Weapon Shoppe.
 25568 | Orc:2    | Found Esanix's Jewellery Emporium.
 25632 | Orc:2    | Found a runed translucent gate.
 25633 | Orc:2    | Found a runed translucent gate.
 25637 | Orc:2    | Found a runed translucent gate.
 25637 | Orc:2    | Noticed mfcas's ghost (journeyman DjCA)
 25644 | Orc:2    | Noticed Erolcha
 25651 | Orc:2    | Killed Erolcha
 25808 | Orc:2    | Found a staircase to the Elven Halls.
 26022 | Orc:2    | Bought an embroidered cloak for 210 gold pieces
 26022 | Orc:2    | Bought a glowing malachite amulet for 140 gold pieces
 26022 | Orc:2    | Bought a scroll of teleportation for 84 gold pieces
 26022 | Orc:2    | Bought a twisted war axe for 238 gold pieces
 26022 | Orc:2    | Identified the +3 war axe of the Doomed Warrior {drain,
                  | +Blink} (You bought it in a shop on level 2 of the Orcish
                  | Mines)
 26025 | Orc:2    | Bought the amulet "Qibrexti" {Regen+ Str+5} for 712 gold
                  | pieces
 26112 | Orc:2    | Killed mfcas's ghost
 26190 | Elf:1    | Entered Level 1 of the Elven Halls
 26205 | Elf:1    | Received a gift from Trog
 26231 | Elf:1    | HP: 22/135 [deep elf zephyrmancer/bolt of lightning (22)]
 26530 | Spider:1 | Entered Level 1 of the Spider Nest
 26824 | Spider:1 | Noticed an emperor scorpion
 26836 | Spider:1 | Killed an emperor scorpion
 27161 | Spider:1 | Reached skill level 6 in Evocations
 28521 | Spider:2 | Reached XP level 16. HP: 147/147 MP: 15/15
 28606 | Spider:2 | Received a gift from Trog
 29149 | Spider:3 | Noticed Mara
 29308 | Spider:2 | Noticed Findor's illusion
 29332 | Spider:2 | Killed Mara
 29503 | Spider:3 | Noticed Bai Suzhen
 29551 | Spider:3 | Killed Bai Suzhen
 30078 | Spider:3 | Noticed Nikola
 30090 | Spider:3 | Killed Nikola
 30091 | Spider:3 | Reached skill level 15 in Fighting
 30394 | Spider:3 | Reached skill level 15 in Armour
 30763 | Spider:3 | Received a gift from Trog
 30905 | Spider:4 | Entered Level 4 of the Spider Nest
 31159 | Spider:4 | Reached skill level 15 in Shields
 31408 | Spider:4 | HP: 28/149 [demonic crawler (7)]
 31419 | Spider:4 | Blown up by an orb spider

Levels and vault maps discovered:
D:1:      dpeg_arrival_solitude, layout_loops_ring,
          nicolae_ecumenical_lake_church
D:2:      layout_basic, basic_altar
D:3:      layout_basic, uniq_sigmund
D:4:      layout_basic, minmay_temple_entry_slanted, serial_shops,
          nicolae_take_the_stairs, kennysheep_decorative_pillar,
          serial_bayou_ford_a, lemuel_old_faithful
D:5:      layout_basic, uniq_ijyb
D:6:      layout_basic
D:7:      layout_cave_pools
D:8:      layout_loops_ring, david_lair_generic, nicolae_elevator_lobby_plus,
          uniq_psyche
D:9:      layout_small_grid, nemelex_xobeh_ov_fountains_minmay,
          serial_co_window_serial, co_window_paths_a,
          co_window_of_opportunity_a, co_window_paths_b,
          co_window_of_opportunity_a, co_window_corner_a, co_window_corner_b,
          co_window_unsneaky_path_c, co_window_cross_4,
          co_window_of_opportunity_b, co_window_of_opportunity_c,
          co_window_of_opportunity_b, co_window_2corner, co_window_paths_e,
          co_window_paths_d, glass_columns_a, uniq_grum, uniq_maggie,
          uniq_joseph
D:10:     minmay_bubble_buster, layout_basic, serial_glass, glass_columns_a,
          glass_columns_a, lightli_fourway_metalbox
D:11:     layout_loops_ring, david_orc_2, kennysheep_okawaru_gauntlet
D:12:     layout_loops_ring, hellmonk_ghost_big_iron, uniq_jorgrun
D:13:     layout_long_grid
Lair:1:   layout_cave_pods, lemuel_oklob_altar, lemuel_fruit_tree, uniq_erica
Lair:2:   layout_chaotic_city, minmay_shoals_entry_hut, spider_nest_entry_a,
          maelrawn_ghost_gauntlet_escape, gauntlet_entry_generic
Lair:3:   layout_regular_city, gammafunk_ghost_hydra_chop, beast_lair_carwin_5
Lair:4:   layout_cave_pods, cheibrodos_lair_lostbears
Lair:5:   dpeg_oklob_gauntlet, layout_long_grid, slime_altar_2, serial_rivers,
          chequers_serial_rivers_marsh, chequers_serial_rivers_small_3,
          chequers_serial_rivers_micro_d, chequers_serial_rivers_micro_d,
          chequers_serial_rivers_micro_d, uniq_urug
Lair:6:   hellmonk_lair_end_abyssal_woods, layout_cave_pods, grunt_megastairs_4
Spider:1: layout_spider_delve, nicolae_spider_not_touching_you
Spider:2: layout_chambers, hellmonk_spider_spawner
Spider:3: layout_spider_delve, drop_trap, uniq_mara, uniq_bai_suzhen,
          uniq_nikola
Spider:4: grunt_spider_rune_island
Orc:1:    layout_diamond_mine
Orc:2:    st_orc_mages, layout_caves, gammafunk_ghost_split, uniq_erolcha
Elf:1:    eino_elf_arrival_customs, layout_geoelf_grid, serial_shops,
          nicolae_shop_bloodbath_and_beyond, minmay_elf_crystal_heptagon,
          nicolae_elf_loose_elemental_storage, grunt_megastairs_2, uniq_donald

Action                   |  1- 3 |  4- 6 |  7- 9 | 10-12 | 13-15 | 16-18 || total
-------------------------+-------+-------+-------+-------+-------+-------++-------
Melee: Hand axe          |    93 |    88 |   219 |   166 |       |       ||   566
       Headbutt          |     7 |    17 |    40 |    98 |   190 |    65 ||   417
       Punch             |       |     2 |     7 |     7 |     3 |       ||    19
       Broad axe         |       |       |       |   341 |   961 |   324 ||  1626
       Whip              |       |       |       |    14 |    24 |       ||    38
       Eveningstar       |       |       |       |       |    11 |       ||    11
Invok: Berserk           |       |     2 |     6 |    12 |    15 |     8 ||    43
       Trog's Hand       |       |     2 |     5 |    12 |    22 |     4 ||    45
Evoke: Wand              |       |       |       |     2 |    11 |       ||    13
  Use: Scroll            |       |       |     8 |    13 |    15 |       ||    36
       Potion            |       |       |       |     1 |     3 |     3 ||     7
 Stab: Petrified         |       |       |       |       |     2 |       ||     2
       Paralysed         |       |       |       |       |     1 |       ||     1
Armor: Animal skin       |    21 |       |       |       |       |       ||    21
       Scale mail        |       |    25 |    12 |       |       |       ||    37
       Chain mail        |       |       |    82 |   213 |   380 |   195 ||   870
Dodge: Dodged            |    66 |    37 |    77 |   244 |   398 |   152 ||   974
Block: Kite shield       |       |       |       |       |   406 |   179 ||   585
